 Dungeon Crawl Stone Soup version 0.26-a0-652-gafc20e3620 (webtiles) character file.

Game seed: 17900263641461043919

2545 smeego the Slasher (level 9, -9/61 HPs)
             Began as an Octopode Fighter on Oct 3, 2020.
             Was an Initiate of Gozag.
             Mangled by an orc warrior
             ... wielding a +0 dire flail
              (25 damage)
             ... on level 7 of the Dungeon.
             The game lasted 00:11:07 (8288 turns).

smeego the Slasher (Octopode Fighter)               Turns: 8288, Time: 00:11:08

Health: -9/61      AC:  1    Str: 15    XL:     9   Next: 55%
Magic:  8/8        EV: 17    Int: 20    God:    Gozag
Gold:   808        SH:  9    Dex: 11    Spells: 8/8 levels left

rFire    + . .     SeeInvis .   a - +0 scimitar
rCold    . . .     Faith    .   b - +0 kite shield
rNeg     . . .     Spirit   .   (helmet restricted)
rPois    +         Reflect  .   (no amulet)
rElec    .         Harm     .   E - +6 ring of intelligence
rCorr    .         Rampage  .   l - +4 ring of evasion
MR       +....                  p - ring of protection from magic
Stlth    ++++......             F - ring of poison resistance
HPRegen  0.20/turn              (no ring)
MPRegen  0.11/turn              (no ring)
                                (no ring)
                                (no ring)

@: gold aura, very slightly contaminated, invisible
A: almost no armour, stealthy swim, amphibious, 8 rings, constrict 8, camouflage
1, blurry vision 1, fire resistance 1, low mp 1, mutation resistance 1,
gelatinous body 1
a: Potion Petition, Call Merchant, Bribe Branch, Renounce Religion


You were on level 7 of the Dungeon.
You worshipped Gozag.
Gozag was pleased with you.
You visited 2 branches of the dungeon, and saw 8 of its levels.
You also visited: Sewer.

You collected 908 gold pieces.
You paid 100 gold pieces to Gozag.

Inventory:

Hand Weapons
 a - a +0 scimitar (weapon)
 i - a +2 dagger of venom
 w - a +2 dagger of flaming
 C - a +3 dagger of draining
Missiles
 q - 29 poisoned darts (quivered)
 u - 2 boomerangs
 B - 4 boomerangs of dispersal
Armour
 b - a +0 kite shield (worn)
Magical Staves
 s - an uncursed staff of conjuration
Jewellery
 d - an uncursed ring of ice
 l - a +4 ring of evasion (right tentacle)
 p - a ring of protection from magic (on tentacle)
 E - a +6 ring of intelligence (left tentacle)
 F - a ring of poison resistance (on tentacle)
Scrolls
 e - 4 scrolls of remove curse
 f - 6 scrolls of blinking
 h - 3 scrolls of immolation
 j - a scroll of amnesia
 r - a scroll of fear
 x - a scroll of random uselessness {unknown}
 y - a scroll of identify
Potions
 c - 4 potions of might
 g - a potion of resistance
 k - 4 potions of ambrosia
 m - 4 potions of flight
 n - a potion of invisibility
 o - a potion of stabbing
 t - 2 potions of haste
 z - a potion of magic
 A - 2 potions of curing
 D - a potion of brilliance


   Skills:
 + Level 5.2 Fighting
 * Level 6.7 Long Blades
 + Level 4.2 Throwing
 + Level 5.4 Dodging
 + Level 6.0 Stealth
 + Level 5.2 Shields
 + Level 4.2 Unarmed Combat


You had 8 spell levels left.
You didn't know any spells.
Your spell library was empty.

Dungeon Overview and Level Annotations

Branches:
Dungeon (7/15)             Temple (1/1) D:4           Sewer (visited)

Altars:
Dithmenos
Elyvilon
Gozag
Kikubaaqudgha
Makhleb
Qazlal
Sif Muna
Trog
Vehumet


Innate Abilities, Weirdness & Mutations

You cannot wear most types of armour.
You are very stealthy in the water. (Stealth+)
You are amphibious.
You can wear up to eight rings at the same time.
You can use your tentacles to constrict eight enemies at once.
Your skin changes colour to match your surroundings (Stealth+).
Your rubbery body absorbs attacks. (AC +1, EV +1)
Scrolls take you a little longer to read.
Your flesh is heat resistant. (rF+)
Your magical capacity is low. (-10% MP)
You are somewhat resistant to further mutation.


Message History

The orc warrior is heavily wounded.
You block the orc warrior's attack.
Unknown command.
You hit the orc warrior. Your grab misses the orc warrior.
You tentacle-slap the orc warrior, but do no damage.
The orc warrior is heavily wounded.
You block the orc warrior's attack.
Unknown command.
You closely miss the orc warrior. Your grab misses the orc warrior.
Your squeeze misses the orc warrior.
The orc warrior is heavily wounded.
You block the orc warrior's attack.
Unknown command.
You barely miss the orc warrior. You grab the orc warrior.
You squeeze the orc warrior, but do no damage.
The orc warrior is heavily wounded.
You constrict the orc warrior.
The orc warrior hits you with a +0 dire flail!!
You die...
Your body crumbles into a pile of gold.

...#.#.o..........
###.#.#.#$.........
#(#.#.#.........#
#######...#......
..........#......
........#........
....#.#$#.......#
....#.#o#.......#
....#..@......... .
#....[.........
#....<.........
♣........###.#.
♣≈≈♣≈..)...## ##
≈≈≈♣≈♣.<....#
PPPP≈≈###......
≈≈≈≈≈≈ #......
≈P≈P≈≈ #.....##


You could see an orc warrior.

Vanquished Creatures
  A hippogriff (D:7)
  2 sky beasts (D:6)
  An ice beast (D:6)
  4 ogres
  2 centaurs (D:5)
  2 big kobolds (Sewer)
  6 bullfrogs
  Blork the orc (D:5)
  3 scorpions
  A howler monkey (D:6)
  A bullfrog zombie (D:6)
  2 bullfrog skeletons
  2 hounds
  4 orc priests
  A centaur skeleton (D:4)
  5 orc wizards
  Natasha (D:2)
  3 worker ants
  A killer bee zombie (D:6)
  A hound skeleton (D:5)
  10 adders
  A shadow imp (D:6)
  3 white imps
  2 ufetubi
  2 oozes
  2 adder skeletons (D:6)
  4 worms
  A dart slug (D:2)
  6 leopard geckos
  21 orcs
  9 giant cockroaches
  8 goblins
  5 hobgoblins
  6 jackals (D:1)
  17 kobolds
  3 quokkas
  5 ball pythons
  6 bats (D:1)
  4 frilled lizards
  A quokka skeleton (D:4)
  A quokka zombie (D:6)
  7 rats
168 creatures vanquished.

Vanquished Creatures (others)
  2 plants (D:7)
2 creatures vanquished.

Grand Total: 170 creatures vanquished

Notes
Turn   | Place    | Note
-------+----------+-------------------------------------------
     0 | D:1      | smeego the Octopode Fighter began the quest for the Orb.
     0 | D:1      | Reached XP level 1. HP: 16/16 MP: 1/1
    90 | D:1      | Reached XP level 2. HP: 16/21 MP: 2/2
   238 | D:1      | Reached skill level 1 in Stealth
   352 | D:1      | Reached XP level 3. HP: 22/26 MP: 3/3
  1233 | D:2      | Noticed Natasha
  1238 | D:2      | Killed Natasha
  1238 | D:2      | Reached skill level 1 in Throwing
  1238 | D:2      | Reached skill level 1 in Unarmed Combat
  1238 | D:2      | Reached XP level 4. HP: 18/31 MP: 4/4
  1649 | D:2      | Reached XP level 5. HP: 36/36 MP: 5/5
  1781 | D:2      | Found a shimmering blue altar of Sif Muna.
  1843 | D:3      | Found an ancient bone altar of Kikubaaqudgha.
  2087 | D:3      | You fall into a shaft and drop 2 floors!
  2087 | D:5      | Entered Level 5 of the Dungeon
  2122 | D:5      | Found a bloodstained altar of Trog.
  2173 | D:5      | Noticed Blork the orc
  2180 | D:5      | Killed Blork the orc
  2180 | D:5      | Reached XP level 6. HP: 11/42 MP: 6/6
  3083 | D:5      | Reached XP level 7. HP: 26/47 MP: 7/7
  4201 | D:4      | Found a staircase to the Ecumenical Temple.
  4212 | Temple   | Entered the Ecumenical Temple
  4219 | Temple   | Became a worshipper of Gozag Ym Sagoz the Greedy
  4281 | D:4      | Gained mutation: Your magical capacity is low. (-10% MP)
                  | [potion of mutation]
  4281 | D:4      | Gained mutation: Scrolls take you a little longer to read.
                  | [potion of mutation]
  4281 | D:4      | Gained mutation: Your flesh is heat resistant. (rF+)
                  | [potion of mutation]
  4281 | D:4      | Gained mutation: You are somewhat resistant to further
                  | mutation. [potion of mutation]
  4342 | D:4      | Reached XP level 8. HP: 29/54 MP: 7/7
  4381 | D:4      | Found a glowing drain.
  4391 | Sewer    | Entered a sewer
  4533 | Sewer    | Reached skill level 5 in Long Blades
  5602 | D:6      | HP: 2/54 [something (6)]
  6411 | D:6      | Reached skill level 5 in Stealth
  6573 | D:6      | Reached XP level 9. HP: 60/60 MP: 8/8
  6649 | D:6      | Found a stormy altar of Qazlal.
  6860 | D:6      | Reached skill level 5 in Dodging
  7006 | D:6      | Reached skill level 5 in Fighting
  7496 | D:6      | Reached skill level 5 in Shields
  8288 | D:7      | Mangled by an orc warrior

Illustrated notes

Levels and vault maps discovered:
D:1:      dpeg_arrival_refuge, layout_basic
D:2:      layout_loops_ring, overflow_temple_1_default,
          small_statue_intersection, uniq_natasha
D:3:      layout_rooms, lemuel_coloured_pillars_altar, kiku_gazebo_pond_becter,
          serial_forest, infiniplex_forest_lined_room_2,
          infiniplex_forest_lined_room_2, infiniplex_forest_straight_4,
          infiniplex_forest_straight_2, infiniplex_forest_clump_cross,
          infiniplex_forest_pool
D:4:      layout_cave_pools, minmay_temple_entry_mist, portal_sewer_entry_b,
          minivault_26
D:5:      layout_loops_ring, trog_book, uniq_blork_the_orc
D:6:      minmay_chambers_of_fours, layout_basic, grunt_qazlal_sundering
D:7:      minmay_the_grid_octo_tiled_squarecenter
          [minmay_the_grid_octo_concentric,
          minmay_the_grid_octo_vomiting_pacman,
          minmay_the_grid_octo_checkerflower, minmay_the_grid_octo_odd_swirl,
          minmay_the_grid_square_5x5_megaprize_diamond,
          minmay_the_grid_square_5x5_six_small,
          minmay_the_grid_square_5x5_slash, minmay_the_grid_square_5x5_v,
          minmay_the_grid_square_5x5_three], layout_cave_pools,
          serial_bayou_lake_a
Temple:   compressed_dpeg_circular_temple

Skill      XL: |  1  2  3  4  5  6  7  8  9 |
---------------+----------------------------+-----
Stealth        | 1 2 3 5 6 |  6.0
Throwing       | 1 2 3 4 |  4.2
Unarmed Combat | 1 2 3 4 |  4.2
Long Blades    | 3 4 6 |  6.7
Dodging        | 4 5 |  5.4
Fighting       | 4 5 |  5.2
Shields        | 4 5 |  5.2

Action                   |  1- 3 |  4- 6 |  7- 9 || total
-------------------------+-------+-------+-------++-------
Melee: Long sword        |    58 |    60 |       ||   118
       Tentacles         |    14 |    25 |    46 ||    85
       Constrict         |    21 |    28 |    46 ||    95
       Scimitar          |       |    31 |   216 ||   247
       Punch             |       |       |     5 ||     5
Throw: Dart              |       |       |    13 ||    13
       Boomerang         |       |       |     2 ||     2
Evoke: Wand              |       |       |     5 ||     5
  Use: Scroll            |       |     5 |    11 ||    16
       Potion            |       |       |     4 ||     4
 Stab: Sleeping          |     4 |     6 |    23 ||    33
       Invisible         |       |       |     4 ||     4
Armor: Skin              |     7 |     3 |     9 ||    19
Dodge: Dodged            |    33 |    32 |   119 ||   184
Block: Kite shield       |    23 |    40 |    82 ||   145
       Rpst.: Long sword |    14 |     2 |       ||    16
       Scimitar          |       |       |    35 ||    35

Table legend: (Time is in decaauts)
 A = Elapsed time spent in this place.
 B = Non-inter-level travel time spent in this place.
 C = Inter-level travel time spent in this place.
 D = Time resting spent in this place.
 E = Time spent auto-exploring this place.
 F = Levels seen in this place.
 G = Mean time per level.
                   A        B        C        D        E       F      G
               +--------+--------+--------+--------+--------+-----+--------+
         Total |   8357 |   8128 |    229 |   2639 |   4059 |   9 |  928.6 |
       Dungeon |   7887 |   7658 |    229 |   2639 |   3750 |   7 | 1126.7 |
        Temple |     14 |     14 |      0 |      0 |      0 |   1 |   14.0 |
         Sewer |    455 |    455 |      0 |      0 |    309 |   1 |  455.0 |
               +--------+--------+--------+--------+--------+-----+--------+

Top non-repeatable levels by time:
     D:5: 2721 daAuts
     D:6: 2176 daAuts
     D:2: 1039 daAuts
     D:1: 791 daAuts
     D:4: 732 daAuts
   Sewer: 455 daAuts
     D:3: 292 daAuts
     D:7: 133 daAuts
  Temple: 14 daAuts
